 Dungeon Crawl Stone Soup version 0.19.5 (webtiles) character file.

3517 Oxelix the Severer (level 10, -1/77 HPs)
             Began as a Hill Orc Berserker on Apr 24, 2017.
             Was an Elder of Trog.
             Slain by a killer bee (6 damage)
             ... on level 8 of the Dungeon.
             The game lasted 00:14:04 (6770 turns).

Oxelix the Severer (Hill Orc Berserker)             Turns: 6770, Time: 00:14:05

Health: -1/77      AC:  9    Str: 24    XL:     10   Next: 8%
Magic:  10/10      EV: 11    Int:  7    God:    Trog [****..]
Gold:   323        SH:  0    Dex: 10    Spells: 0 memorised, 9 levels left

rFire  . . .     SeeInvis .     q - +0 broad axe
rCold  . . .     Gourm    .     y - +2 leather armour {rPois}
rNeg   . . .     Faith    .     (no shield)
rPois  +         Spirit   .     z - +0 helmet
rElec  .         Reflect  .     A - +0 cloak
rCorr  .         Harm     .     i - +1 pair of gloves
MR     ++...     Rnd*Tele +     (no boots)
Stlth  +.........               (no amulet)
                                D - ring of teleportation
                                s - ring of teleportation

@: regenerating
A: no striking features
a: Berserk, Trog's Hand, Brothers in Arms, Burn Spellbooks, Renounce Religion


You were on level 8 of the Dungeon.
You worshipped Trog.
Trog was greatly pleased with you.
You were not hungry.

You visited 1 branch of the dungeon, and saw 8 of its levels.

You collected 353 gold pieces.
You spent 30 gold pieces at shops.

Inventory:

Hand Weapons
 a - a +0 hand axe
 q - a +0 broad axe (weapon)
Missiles
 x - 5 tomahawks (quivered)
Armour
 f - a +0 leather armour
 i - a +1 pair of gloves (worn)
 y - a +2 leather armour of poison resistance (worn)
 z - a +0 helmet (worn)
 A - a +0 cloak (worn)
 E - a +0 ring mail
Jewellery
 s - a ring of teleportation (left hand)
 v - a +2 ring of intelligence
 D - a ring of teleportation (right hand)
 H - an uncursed ring of fire {unknown}
Wands
 w - a wand of digging (16/24)
 C - a wand of iceblast (15/15)
Scrolls
 d - 4 scrolls of identify
 e - 3 scrolls of magic mapping
 h - 2 scrolls of teleportation
 u - 2 scrolls of recharging
Potions
 b - 2 potions of curing
 g - 2 potions of haste {unknown}
 l - a potion of resistance {unknown}
 m - a potion of brilliance {unknown}
 p - a potion of lignification {unknown}
 r - a potion of agility {unknown}
 t - a potion of mutation {unknown}
 B - a potion of flight {unknown}
Comestibles
 c - 8 bread rations
 j - 4 meat rations
 k - 3 beef jerkies
 o - 7 fruits


   Skills:
 - Level 3.6 Fighting
 * Level 17.2 Axes
 - Level 2.1 Armour
 - Level 1.5 Dodging


You had 9 spell levels left.
You didn't know any spells.

Dungeon Overview and Level Annotations

Branches:
Dungeon (8/15)             Temple (0/1) D:6
   Lair: D:8-11

Altars:
Ashenzari
Elyvilon
Fedhas
Makhleb
Nemelex Xobeh
Qazlal
Sif Muna
Zin

Shops:
D:7 ?


Message History

The killer bee stings you but does no damage.
The killer bee completely misses you.
A killer bee comes into view.
You closely miss the killer bee.
The killer bee is severely wounded.
You feel less exhausted.
The killer bee buzzes angrily.
The killer bee closely misses you. The killer bee stings you.
* * * LOW HITPOINT WARNING * * *
You see here a killer bee corpse.
You closely miss the killer bee.
The killer bee is severely wounded.
The killer bee stings you but does no damage.
The killer bee stings you.
* * * LOW HITPOINT WARNING * * *
You closely miss the killer bee.
The killer bee is severely wounded.
The killer bee stings you.
You die...

#..######.###.#######...
#.........#.............
#.#########.#.#######.##
#.# ... #.#.# #.# #.#
#.# #.#.# #<# #.# #y#
#.#.# #.# #.# #y# #.#.#
#.# #. #y# #.#.# #.# #@#
#.#.# #)# #.#.#.#.. #p#
#...y.... .p. ###.#.###
... .# #.... . +..[. .y
#.... .. #..


You could see 4 killer bees.

Vanquished Creatures
  Pikel (D:8)
  A troll (D:8)
  An ice beast (D:7)
  A slave (D:8)
  2 sky beasts (D:6)
  A phantom (D:5)
  5 ogres
  2 centaurs
  2 big kobolds
  3 bullfrogs
  A water moccasin skeleton (D:7)
  3 scorpions
  3 killer bees (D:8)
  4 howler monkeys
  A crimson imp (D:6)
  2 bullfrog zombies
  2 jellies
  8 orc priests
  3 hounds
  A bullfrog skeleton (D:8)
  7 orc wizards
  2 iguanas
  Natasha (thrice) (D:2)
  A worker ant (D:4)
  A killer bee zombie (D:7)
  A howler monkey skeleton (D:6)
  Robin (D:3)
  7 adders
  3 gnolls (D:6)
  3 oozes
  2 adder skeletons
  4 worms
  3 leopard geckos
  36 orcs
  5 bats
  4 giant cockroaches
  18 goblins
  6 hobgoblins
  12 kobolds
  2 quokkas
  A ball python (D:3)
  A frilled lizard (D:1)
  A jackal skeleton (D:3)
  A leopard gecko skeleton (D:5)
  7 rats
179 creatures vanquished.

Vanquished Creatures (others)
  3 slaves (D:8)
  A killer bee (D:8)
4 creatures vanquished.

Grand Total: 183 creatures vanquished

Notes
Turn   | Place    | Note
-------+----------+-------------------------------------------
     0 | D:1      | Oxelix the Hill Orc Berserker began the quest for the Orb.
     0 | D:1      | Reached XP level 1. HP: 19/19 MP: 1/1
    99 | D:1      | Reached XP level 2. HP: 15/26 MP: 2/2
   337 | D:1      | Reached skill level 5 in Axes
   818 | D:2      | Reached XP level 3. HP: 21/31 MP: 3/3
   997 | D:2      | Noticed Natasha
  1006 | D:2      | Killed Natasha
  1006 | D:2      | Reached skill level 6 in Axes
  1006 | D:2      | Reached XP level 4. HP: 29/39 MP: 4/4
  1108 | D:2      | Noticed Natasha
  1114 | D:2      | Killed Natasha
  1122 | D:2      | Reached ** piety under Trog
  1242 | D:2      | Reached skill level 7 in Axes
  1377 | D:2      | Noticed Natasha
  1383 | D:2      | Killed Natasha
  1383 | D:2      | Reached XP level 5. HP: 43/45 MP: 5/5
  1809 | D:3      | Reached skill level 8 in Axes
  1944 | D:3      | Found a stormy altar of Qazlal.
  2047 | D:3      | Noticed Robin
  2073 | D:3      | Killed Robin
  2338 | D:4      | Found a white marble altar of Elyvilon.
  2343 | D:4      | Reached XP level 6. HP: 48/51 MP: 6/6
  2370 | D:4      | Reached *** piety under Trog
  2370 | D:4      | Reached skill level 9 in Axes
  2685 | D:4      | Found a shattered altar of Ashenzari.
  2723 | D:4      | Found a blossoming altar of Fedhas.
  2725 | D:4      | Found a burning altar of Makhleb.
  2800 | D:4      | Reached skill level 10 in Axes
  2800 | D:4      | Reached XP level 7. HP: 12/57 MP: 7/7
  3490 | D:5      | Entered Level 5 of the Dungeon
  3501 | D:5      | Reached skill level 11 in Axes
  3703 | D:5      | Found a sparkling altar of Nemelex Xobeh.
  3720 | D:5      | Found a glowing silver altar of Zin.
  3912 | D:5      | Reached XP level 8. HP: 42/64 MP: 8/8
  3959 | D:5      | Reached skill level 12 in Axes
  4239 | D:5      | Found a burning altar of Makhleb.
  4537 | D:6      | Reached skill level 13 in Axes
  4564 | D:6      | Reached **** piety under Trog
  4755 | D:6      | Found a staircase to the Ecumenical Temple.
  4813 | D:6      | Reached skill level 14 in Axes
  4909 | D:6      | Reached XP level 9. HP: 48/70 MP: 9/9
  5469 | D:6      | Reached skill level 15 in Axes
  5621 | D:6      | Found a deep blue altar of Sif Muna.
  6238 | D:7      | Received a gift from Trog
  6373 | D:7      | Found Juelasi's Magic Scroll Shop.
  6379 | D:7      | Bought a scroll of remove curse for 30 gold pieces
  6645 | D:8      | Noticed a troll
  6651 | D:8      | Noticed Pikel
  6658 | D:8      | Killed a troll
  6658 | D:8      | Reached skill level 16 in Axes
  6670 | D:8      | Killed Pikel
  6724 | D:8      | Reached XP level 10. HP: 61/77 MP: 10/10
  6733 | D:8      | Reached skill level 17 in Axes
  6770 | D:8      | Slain by a killer bee

Skill      XL: |  1  2  3  4  5  6  7  8  9 10 |
---------------+-------------------------------+-----
Axes           | 5 6 7 8 10 11 14 16 17 | 17.2
Fighting       | |  3.6
Armour         | |  2.1
Dodging        | |  1.5

Action                   |  1- 3 |  4- 6 |  7- 9 | 10-12 || total
-------------------------+-------+-------+-------+-------++-------
Melee: Hand axe          |    76 |   123 |       |       ||   199
       Broad axe         |       |    55 |   311 |    38 ||   404
Invok: Berserk           |       |     5 |     5 |       ||    10
       Burn Spellbooks   |       |     1 |     1 |       ||     2
       Trog's Hand       |       |     1 |       |     2 ||     3
  Use: Scroll            |       |     6 |     6 |       ||    12
  Eat: Chunk             |       |    10 |    15 |       ||    25
       Bread ration      |       |       |     1 |       ||     1
Armor: Robe              |     2 |       |       |       ||     2
       Animal skin       |     2 |       |       |       ||     2
       Leather armour    |    17 |    18 |    16 |    25 ||    76
       Scale mail        |       |    35 |    98 |       ||   133
Dodge: Dodged            |    40 |    89 |   137 |    34 ||   300
